 Dungeon Crawl Stone Soup version 0.29-a0-297-g7659ce593d (webtiles) character file.

Game seed: 4885444004747098034

51 Dabor the Stinger (level 3, -1/28 HPs)
             Began as a Naga Venom Mage on Mar 22, 2022.
             Killed from afar by an orc wizard (7 damage)
             ... with a magic dart
             ... on level 3 of the Dungeon.
             The game lasted 00:03:19 (2494 turns).

Dabor the Stinger (Naga Venom Mage)                 Turns: 2494, Time: 00:03:19

Health: -1/28      AC:  3    Str: 10    XL:     3   Next: 83%
Magic:  5/6        EV: 10    Int: 17    God:
Gold:   92         SH:  0    Dex: 11    Spells: 3/6 levels left

rFire   . . .      SeeInvis +   (no weapon)
rCold   . . .      Faith    .   (no shield)
rNeg    . . .      Spirit   .   a - +0 robe
rPois   +          Reflect  .   (no helmet)
rElec   .          Harm     .   i - +0 cloak
rCorr   .          Rampage  .   (no gloves)
Will    .....                   (no barding)
Stlth   ++........              (no amulet)
HPRegen 0.09/turn               (no ring)
MPRegen 0.10/turn               (no ring)

@: very slow
A: AC +1, large, see invisible, deformed body, poison resistance, slowness 2,
spit poison 1, naga tail 1
a: Spit Poison


You were on level 3 of the Dungeon.
You visited 1 branch of the dungeon, and saw 3 of its levels.

You collected 92 gold pieces.

Inventory:

Missiles
 j - a throwing net
Armour
 a - a +0 robe (worn)
 i - a +0 cloak (worn)
Scrolls
 f - 2 scrolls of teleportation {unknown}
 g - a scroll of amnesia {unknown}
 h - 2 scrolls of identify {unknown}
 m - 2 scrolls of noise {unknown}
 o - a scroll of fog {unknown}
Potions
 b - a potion of magic
 c - 2 potions of brilliance {unknown}
 d - a potion of might {unknown}
 e - a potion of resistance {unknown}
 k - a potion of curing {unknown}
 l - a potion of lignification {unknown}
 n - a potion of flight {unknown}


   Skills:
 + Level 2.0 Dodging
 + Level 3.8 Stealth
 + Level 2.4 Spellcasting
 + Level 1.7 Transmutations
 + Level 4.5 Poison Magic


You had 3 spell levels left.
You knew the following spells:

 Your Spells              Type           Power      Damage    Failure   Level
a - Sting                 Tmut/Pois      48%        1d5       5%          1
b - Poisonous Vapours     Pois/Air       18%        N/A       11%         2

Your spell library contained the following spells:

 Spells                   Type           Power      Damage    Failure   Level
 Mephitic Cloud           Conj/Pois/Air  7%         N/A       30%         3
 Olgreb's Toxic Radiance  Pois           17%        N/A       28%         4


Dungeon Overview and Level Annotations

Branches:
Dungeon (3/15)

Altars:
Fedhas

Annotations:
D:2 1 runed translucent door, Crazy Yiuf


Innate Abilities, Weirdness & Mutations

Your serpentine skin is tough. (AC +1)
You have supernaturally acute eyesight. (SInv)
Armour fits poorly on your strangely shaped body.
Your system is resistant to poisons. (rPois)
You cover ground very slowly.
You can spit poison.
You have a snake-like lower body.


Message History

The orc wizard hits you but does no damage.
You barely miss the orc wizard.
The orc wizard is moderately wounded.
The orc wizard hits you with a +0 dagger.
Aiming: Spit Poison (2% risk of failure)
Press: ? - help, Shift-Dir - straight line, f/p - orc wizard
Aim: an orc wizard, wielding a +0 dagger and wearing a +0 robe (moderately wounded, slightly transparent, 50% to hit)
The splash of poison misses the orc wizard.
The orc wizard casts a spell at you. The puff of flame hits you!
Casting: Sting (safe; 5% risk of failure)
Confirm with . or Enter, or press ? or * to list all spells.
Aiming: Sting (safe; 5% risk of failure)
Press: ? - help, Shift-Dir - straight line, f/p - orc wizard
Aim: an orc wizard, wielding a +0 dagger and wearing a +0 robe (moderately wounded, slightly transparent, 64% to hit)
The sting hits the orc wizard but does no damage.
The orc wizard is poisoned.
The orc wizard is moderately wounded.
The orc wizard hits you with a +0 dagger.
You closely miss the orc wizard.
The orc wizard is moderately wounded.
You have got your breath back.
The orc wizard hits you with a +0 dagger.
* * * LOW HITPOINT WARNING * * *
A rat comes into view.
You completely miss the orc wizard.
The orc wizard is heavily wounded.
An orc comes into view. It is wielding a +0 hand axe.
The orc wizard hits you with a +0 dagger.
* * * LOW HITPOINT WARNING * * *
Magic courses through your body. The orc wizard closely misses you.
Casting: Sting (safe; 5% risk of failure)
Confirm with . or Enter, or press ? or * to list all spells.
Aiming: Sting (safe; 5% risk of failure)
Press: ? - help, Shift-Dir - straight line, f/p - orc wizard
Aim: an orc wizard, wielding a +0 dagger and wearing a +0 robe (heavily wounded, slightly transparent, poisoned, 64% to hit)
The sting misses the orc wizard.
The orc wizard casts a spell at you. The magic dart hits you!
You die...

..######..##.#.# #.#######
...........#.#.# #..[....##
..######...#.#.# #.####...##
..######...#.#.###.###.≈.≈.#
....................##.≈...#
....................##.≈_≈≈#
........<......###..#.≈≈≈≈.##
)##....÷...#...###..#...≈...#
................@o.o........#
....)..>...##...##..#.......#
.##.####...##... #..#.......#
.##.####...##... #..#.......#
..................).#.......#
...######..##...##..###+###.#
...'............ .... .#
...######..##... #..##
............. ...#


You could see an orc wizard (invisible, poisoned) and an orc.

Vanquished Creatures
  An adder (D:2)
  A worm (D:2)
  An orc (D:3)
  3 endoplasms (D:1)
  3 giant cockroaches
  6 goblins
  2 hobgoblins
  4 kobolds
  4 quokkas
  5 ball pythons
  4 bats
  A frilled lizard (D:2)
  A rat (D:2)
36 creatures vanquished.

Notes
Turn   | Place    | Note
-------+----------+-------------------------------------------
     0 | D:1      | Dabor the Naga Venom Mage began the quest for the Orb.
     0 | D:1      | Reached XP level 1. HP: 15/15 MP: 3/3
   283 | D:1      | Reached XP level 2. HP: 22/22 MP: 1/5
   587 | D:1      | Learned a level 2 spell: Poisonous Vapours
  1070 | D:2      | Found a faded altar of an unknown god.
  1353 | D:2      | Reached XP level 3. HP: 28/28 MP: 4/6
  1800 | D:2      | Found a runed translucent door.
  1801 | D:2      | Noticed Crazy Yiuf
  2460 | D:3      | Found a blossoming altar of Fedhas.
  2494 | D:3      | Killed from afar by an orc wizard

Illustrated notes

Levels and vault maps discovered:
D:1:      dpeg_arrival_orchard, layout_rooms
D:2:      layout_rooms, nicolae_ecumenical_oubliette, uniq_crazy_yiuf_cottage
D:3:      layout_basic, fedhas_altar_2, minivault_27, uniq_robin

Skill      XL: |  1  2  3 |
---------------+----------+-----
Dodging        | 2 |  2.0
Stealth        | |  3.8
Spellcasting   | |  2.4
Transmutations | |  1.7
Poison Magic   | |  4.5

Action                   || total
-------------------------++-------
Melee: Unarmed           ||    28
 Cast: Sting             ||    71
       Poisonous Vapours ||     4
 Abil: Spit Poison       ||     9
  Use: Potion            ||     1
Armor: Robe              ||    16
Dodge: Dodged            ||    27

Table legend: (Time is in decaauts)
 A = Elapsed time spent in this place.
 B = Non-inter-level travel time spent in this place.
 C = Inter-level travel time spent in this place.
 D = Time resting spent in this place.
 E = Time spent auto-exploring this place.
 F = Levels seen in this place.
 G = Mean time per level.
                   A        B        C        D        E       F      G
               +--------+--------+--------+--------+--------+-----+--------+
         Total |   2936 |   2831 |    105 |    366 |   2087 |   3 |  978.7 |
       Dungeon |   2936 |   2831 |    105 |    366 |   2087 |   3 |  978.7 |
               +--------+--------+--------+--------+--------+-----+--------+

Top non-repeatable levels by time:
     D:2: 1318 daAuts
     D:1: 1229 daAuts
     D:3: 388 daAuts
